 Dungeon Crawl Stone Soup version 0.27.1-34-g3ba077fa99 (webtiles) character file.

Game seed: 11422089622554554782

104 Sharkman1231 the Stinger (level 4, -3/30 HPs)
             Began as a Demonspawn Venom Mage on Jan 18, 2022.
             Killed from afar by Ijyb (15 damage)
             ... with an iceblast
             ... on level 3 of the Dungeon.
             The game lasted 00:05:00 (3546 turns).

Sharkman1231 the Stinger (Demonspawn Venom Mage)    Turns: 3546, Time: 00:05:00

Health: -3/30      AC:  4    Str:  9    XL:     4   Next: 52%
Magic:  1/7        EV: 12    Int: 16    God:
Gold:   75         SH:  0    Dex: 14    Spells: 1/7 levels left

rFire    . . .     SeeInvis .   a - +0 short sword
rCold    . . .     Faith    .   (no shield)
rNeg     . . .     Spirit   .   c - +0 robe
rPois    .         Reflect  .   (no helmet)
rElec    .         Harm     .   (no cloak)
rCorr    .         Rampage  .   (no gloves)
Will     .....                  (no boots)
Stlth    ++........             (no amulet)
HPRegen  0.10/turn              (no ring)
MPRegen  0.10/turn              (no ring)

@: no status effects
A: hooves 1, molten scales 1, powered by pain 1
a: no special abilities


You were on level 3 of the Dungeon.
You visited 1 branch of the dungeon, and saw 3 of its levels.

You collected 75 gold pieces.

Inventory:

Hand Weapons
 a - a +0 short sword (weapon)
Armour
 c - a +0 robe (worn)
Magical Staves
 d - a staff of cold
Scrolls
 b - 2 scrolls of fear {unknown}
 e - a scroll of fog {unknown}
 g - a scroll of enchant armour {unknown}
 h - a scroll of amnesia {unknown}
 j - 2 scrolls of identify {unknown}
 k - a scroll of vulnerability {unknown}
Potions
 i - a potion of heal wounds {unknown}


   Skills:
 - Level 1.7 Dodging
 - Level 1.7 Stealth
 - Level 2.0 Spellcasting
 + Level 0.1 Conjurations
 + Level 2.5 Transmutations
 + Level 1.4 Air Magic
 + Level 0.0 Earth Magic
 + Level 4.1 Poison Magic


You had one spell level left.
You knew the following spells:

 Your Spells              Type           Power      Damage    Failure   Level
a - Sting                 Tmut/Pois      48%        1d5       5%          1
b - Poisonous Vapours     Pois/Air       20%        N/A       10%         2
c - Stone Arrow           Conj/Erth      2%         3d7       52%         3

Your spell library contained the following spells:

 Spells                   Type           Power      Damage    Failure   Level
 Mephitic Cloud           Conj/Pois/Air  7%         N/A       28%         3
 Olgreb's Toxic Radiance  Pois           14%        N/A       36%         4
 Animate Armour           Summ/Erth      2%         N/A       90%         4
 Lehudib's Crystal Spear  Conj/Erth      0%         10d2      100%        8


Dungeon Overview and Level Annotations

Branches:
Dungeon (3/15)

Altars:

Annotations:
D:3 Ijyb, Terence


Innate Abilities, Weirdness & Mutations

You have large cloven feet.
You are partially covered in molten scales. (AC +2)
You sometimes gain a little power by taking damage.


Message History

HP restored.
Found a stone staircase leading down.
Found a dagger.
Ijyb the Twisted Goblin comes into view.
She is wielding a +0 dagger and carrying a wand of iceblast (5).
Unknown command.
Casting: Poisonous Vapours (safe; 10% risk of failure)
Confirm with . or Enter, or press ? or * to list all spells.
Aiming: Poisonous Vapours (safe; 10% risk of failure)
Press: ? - help, Dir - move target, f - Ijyb
Aim: Ijyb, wielding a +0 dagger, wearing a +0 leather armour and carrying a wand of iceblast (5) (asleep) Poisonous vapours surround Ijyb!
Ijyb is poisoned.
Casting: Poisonous Vapours (safe; 10% risk of failure)
Confirm with . or Enter, or press ? or * to list all spells.
Aiming: Poisonous Vapours (safe; 10% risk of failure)
Press: ? - help, Dir - move target, f/p - Ijyb
Aim: Ijyb, wielding a +0 dagger, wearing a +0 leather armour and carrying a wand of iceblast (5) (lightly wounded, poisoned) Poisonous vapours surround Ijyb!
Ijyb looks even sicker.
Ijyb zaps a wand.
The mass of ice explodes!
The iceblast engulfs you!
Casting: Poisonous Vapours (safe; 10% risk of failure)
Confirm with . or Enter, or press ? or * to list all spells.
Aiming: Poisonous Vapours (safe; 10% risk of failure)
Press: ? - help, Dir - move target, f/p - Ijyb
Aim: Ijyb, wielding a +0 dagger, wearing a +0 leather armour and carrying a wand of iceblast (4) (heavily wounded, poisoned) Poisonous vapours surround Ijyb!
Ijyb looks even sicker.
Unknown command.
Ijyb zaps a wand.
The mass of ice explodes!
The iceblast engulfs you!
* * * LOW HITPOINT WARNING * * *
Unknown command.
You aren't carrying any items that you can evoke.
Casting: Poisonous Vapours (safe; 10% risk of failure)
Confirm with . or Enter, or press ? or * to list all spells.
Aiming: Poisonous Vapours (safe; 10% risk of failure)
Press: ? - help, Dir - move target, f/p - Ijyb
Aim: Ijyb, wielding a +0 dagger, wearing a +0 leather armour and carrying a wand of iceblast (3) (severely wounded, poisoned) Poisonous vapours surround Ijyb!
Ijyb looks even sicker.
Unknown command.
It was a potion of curing.
You feel better.
Ijyb zaps a wand.
The mass of ice explodes!
The iceblast engulfs you!
Ouch! That really hurt!
You die...

###.#.......#.
#..#####.##. ##.##
#.##. #..# #.##g
##.## #.##.
#########..# #.##)
#..........###.##.
#...........##.##.
#@....g...........
#............#.###
#..........#.#.#
############...#
#...# ....# ###..#
##># #.#


You could see Ijyb (very poisoned).

Vanquished Creatures
  4 gnolls
  An adder (D:2)
  A dart slug (D:1)
  9 endoplasms
  A giant cockroach (D:2)
  3 goblins
  4 hobgoblins
  4 jackals
  4 kobolds
  3 quokkas
  7 ball pythons
  4 bats
  3 rats
48 creatures vanquished.

Notes
Turn   | Place    | Note
-------+----------+-------------------------------------------
     0 | D:1      | Sharkman1231 the Demonspawn Venom Mage began the quest for
                  | the Orb.
     0 | D:1      | Reached XP level 1. HP: 13/13 MP: 3/3
    29 | D:1      | Reached skill level 1 in Transmutations
   459 | D:1      | Found a faded altar of an unknown god.
   518 | D:1      | Gained mutation: You have large cloven feet. [demonic
                  | ancestry]
   518 | D:1      | Reached XP level 2. HP: 19/19 MP: 3/5
  1038 | D:1      | Learned a level 2 spell: Poisonous Vapours
  1196 | D:1      | Gained mutation: You are partially covered in molten
                  | scales. (AC +2) [demonic ancestry]
  1196 | D:1      | Reached XP level 3. HP: 24/24 MP: 4/6
  2199 | D:1      | Reached skill level 1 in Air Magic
  2316 | D:2      | Gained mutation: You sometimes gain a little power by
                  | taking damage. [demonic ancestry]
  2316 | D:2      | Reached XP level 4. HP: 11/30 MP: 3/7
  2728 | D:2      | Reached skill level 4 in Poison Magic
  3158 | D:2      | Learned a level 3 spell: Stone Arrow
  3369 | D:3      | Noticed Terence
  3369 | D:3      | Noticed a necrophage
  3524 | D:3      | Noticed Ijyb
  3546 | D:3      | Killed from afar by Ijyb

Illustrated notes

Levels and vault maps discovered:
D:1:      dpeg_arrival_houses_and_road, layout_loops_corners,
          hellmonk_ecumenical_altar_run_dry
D:2:      layout_loops_cross, chequers_mini_garden
D:3:      layout_basic, old_standard_altar, mainiacjoe_overflow_paths,
          kennysheep_generic_room_3, uniq_ijyb, uniq_terence

Skill      XL: |  1  2  3  4 |
---------------+-------------+-----
Transmutations | 1 2 |  2.5
Air Magic      | 1 |  1.4
Poison Magic   | 4 |  4.1
Dodging        | |  1.7
Stealth        | |  1.7
Spellcasting   | |  2.0
Conjurations   | |  0.1

Action                   |  1- 3 |  4- 6 || total
-------------------------+-------+-------++-------
Melee: Unarmed           |    19 |       ||    19
       Kick              |     9 |    10 ||    19
       Short sword       |    27 |    38 ||    65
 Cast: Sting             |    37 |    11 ||    48
       Poisonous Vapours |     8 |     5 ||    13
  Use: Potion            |       |     1 ||     1
 Stab: Sleeping          |     2 |     2 ||     4
Armor: Robe              |    17 |    13 ||    30
Dodge: Dodged            |    61 |    30 ||    91
